 Dungeon Crawl Stone Soup version 0.26-a0-491-g70697cc071 (webtiles) character file.

Game seed: 7163502223960431649

33511 Gobser the Blocker (level 13, -6/98 HPs)
             Began as a Demonspawn Gladiator on Aug 4, 2020.
             Was a High Priest of Nemelex Xobeh.
             Mangled by a wolf spider (11 damage)
             ... on level 3 of the Spider Nest on Aug 5, 2020.
             The game lasted 01:35:16 (12857 turns).

Gobser the Blocker (Demonspawn Gladiator)          Turns: 12857, Time: 01:35:17

Health: -6/98      AC: 26    Str: 24    XL:     13   Next: 37%
Magic:  0/13       EV:  7    Int: 11    God:    Nemelex Xobeh [*****.]
Gold:   1286       SH: 23    Dex: 14    Spells: 12/12 levels left

rFire    . . .     SeeInvis +   k - +5 dagger (venom)
rCold    + + .     Faith    .   G - +4 tower shield
rNeg     . . .     Spirit   +   J - +0 plate armour "Qosaar" {rC+ Regen+ Str+6 Dex-4}
rPois    .         Reflect  .   (helmet unavailable)
rElec    .         Harm     .   R - +0 cloak "Muicukk" {Dex+3 Slay+6}
rCorr    .                      (no gloves)
MR       .....                  g - +1 pair of boots
Stlth    ..........             (no amulet)
HPRegen  0.66/turn              T - ring of stealth
MPRegen  0.26/turn              v - +4 ring of protection

@: lethally poisoned (-6 -> -8), berserk cooldown, stab, very slightly
contaminated, slowed, studying Maces & Flails, invisible, very slow
A: antennae 3, icy blue scales 3, spiny 2, magic shield, magic regeneration
a: Draw Escape, Draw Destruction, Draw Summoning, Triple Draw, Deal Four, Stack
Five, Renounce Religion


You were on level 3 of the Spider Nest.
You worshipped Nemelex Xobeh.
Nemelex Xobeh was extremely pleased with you.
You visited 3 branches of the dungeon, and saw 16 of its levels.
You also visited: Sewer and Bailey.

You collected 1585 gold pieces.
You spent 299 gold pieces at shops.

Inventory:

Hand Weapons
 a - a +0 long sword
 k - a +5 dagger of venom (weapon)
 S - a +0 demon blade of flaming
Missiles
 d - 5 throwing nets (quivered)
Armour
 b - a +0 leather armour
 c - a +0 helmet
 e - a +2 pair of boots
 g - a +1 pair of boots (worn)
 i - a +2 hat
 o - +0 steam dragon scales
 A - a +0 chain mail
 G - a +4 tower shield (worn)
 H - a scarf of repulsion
 J - the +0 plate armour "Qosaar" (worn) {rC+ Regen+ Str+6 Dex-4}
   (You found it on level 7 of the Dungeon)

   It affects your strength (+6).
   It affects your dexterity (-4).
   It protects you from cold.
   It increases your rate of regeneration.
 R - the +0 cloak "Muicukk" (worn) {Dex+3 Slay+6}
   (You acquired it on level 1 of the Lair of Beasts)

   It affects your dexterity (+3).
   It affects your accuracy and damage with ranged weapons and melee attacks
   (+6).
Jewellery
 v - a +4 ring of protection (right hand)
 z - an uncursed amulet of magic regeneration
 I - an uncursed amulet of the acrobat
 T - a ring of stealth (left hand)
Wands
 x - a wand of flame (36)
 K - a wand of acid (10)
 M - a wand of iceblast (13)
 N - a wand of polymorph (8)
 O - a wand of digging (3)
Scrolls
 f - 9 scrolls of teleportation
 h - 4 scrolls of random uselessness
 n - 6 scrolls of amnesia
 p - a scroll of blinking
 r - 4 scrolls of magic mapping
 s - 3 scrolls of fog
 y - 7 scrolls of remove curse
 F - 2 scrolls of fear
 P - a scroll of identify
Potions
 j - 4 potions of curing
 m - 2 potions of cancellation
 q - 3 potions of brilliance
 t - 5 potions of magic
 w - a potion of resistance
 C - a potion of mutation
 D - a potion of ambrosia
 E - a potion of flight
Books
 B - a manual of Maces & Flails


   Skills:
 + Level 8.2 Fighting
 * Level 11.6(11.9) Short Blades
 + Level 3.9(8.5) Long Blades
 + Level 2.3 Throwing
 + Level 9.6 Armour
 + Level 4.8 Dodging
 + Level 11.9 Shields
 + Level 1.1 Invocations


You had 12 spell levels left.
You didn't know any spells.
Your spell library contained the following spells:

 Spells                   Type           Power        Failure   Level
 Chain Lightning          Conj/Air       #.........   100%        8
 Lehudib's Crystal Spear  Conj/Erth      #.........   100%        8
 Absolute Zero            Ice            #.........   100%        9
 Fire Storm               Conj/Fire      #.........   100%        9


Dungeon Overview and Level Annotations

Branches:
Dungeon (11/15)            Temple (0/1) D:6            Lair (2/6) D:11
 Shoals (0/4) Lair:2       Spider (3/4) Lair:2          Orc (0/2) D:9
  Sewer (visited)          Bailey (visited)

Altars:
Ashenzari
Gozag
Makhleb
Nemelex Xobeh
Okawaru
Ru
Trog
Xom
Beogh

Shops:
D:5 !   D:10 *


Innate Abilities, Weirdness & Mutations

You have a pair of large antennae on your head. (SInv)
You are completely covered in icy blue scales. (AC +4, rC+)
You are mostly covered in sharp spines.
When hurt, damage is shared between your health and your magic reserves.
You regenerate magic rapidly.


Message History

The wolf spider is struck by your spines.
The wolf spider hits you!
* * * LOW HITPOINT WARNING * * *
The wolf spider closely misses you.
You fade into invisibility!
You feel sick. The wolf spider hits you.
* * * LOW HITPOINT WARNING * * *
You block the wolf spider's attack. The wolf spider barely misses you.
You block the wolf spider's attack. x2
The wolf spider bites you but does no damage.
The wolf spider hits you!
* * * LOW HITPOINT WARNING * * *
You block the wolf spider's attack.
You are very lightly contaminated with residual magic.
You feel ready to backstab.
You feel sick. You block the wolf spider's attack. x2
The wolf spider is struck by your spines.
The wolf spider hits you!
You die...
Your body glows with a rainbow of weird colours and disappears.

..^.. .....
....###.....
... .......
###≈##.......
###...^...>....
#.≈............
#.....^).......
##...†.ss......
#......@.^.....
###†<†..###....
#†#.)## ...
###..≈^. .
#.≈≈≈#..
##≈.... ≈......
....... ..####


You could see 2 wolf spiders.

Vanquished Creatures
  An entropy weaver (Spider:2)
  Harold (D:7)
  A hydra (Lair:2)
  2 two-headed ogres
  Pikel (D:7)
  2 orb spiders (Spider:1)
  2 orc knights (Bailey)
  8 wolf spiders
  2 moths of wrath (Spider:2)
  3 merfolk sirens (Lair:2)
  A komodo dragon (Lair:2)
  4 demonic crawlers
  A merfolk (Lair:2)
  13 jumping spiders
  4 blink frogs (Lair:1)
  3 hippogriffs
  12 redbacks
  11 tarantellas
  A wraith (D:11)
  A wyvern (D:9)
  3 yaks (Lair:1)
  3 water moccasins
  A porcupine (Lair:1)
  5 orc warriors
  3 sky beasts
  6 ogres
  2 phantoms
  A centaur (D:10)
  A crocodile (Lair:1)
  3 lemures (D:7)
  9 bullfrogs
  5 scorpions
  11 killer bees
  3 wights (D:10)
  4 hounds
  2 jellies
  A centaur skeleton (D:7)
  2 orc priests
  A gnoll shaman (D:5)
  6 iguanas
  3 orc wizards
  6 worker ants
  A killer bee zombie (D:7)
  A hound zombie (D:10)
  A hound skeleton (D:9)
  8 gnolls
  11 adders
  5 river rats (Sewer)
  A shadow imp (D:9)
  3 white imps
  3 ufetubi
  2 oozes
  An adder skeleton (D:8)
  3 worms
  3 dart slugs
  7 leopard geckos
  20 orcs
  6 giant cockroaches (D:3)
  7 goblins
  2 hobgoblins
  5 jackals
  5 kobolds
  5 quokkas
  11 ball pythons
  7 bats
  9 frilled lizards
  A jackal skeleton (D:4)
  A leopard gecko skeleton (D:6)
  30 rats
314 creatures vanquished.

Vanquished Creatures (collateral kills)
  Nikola (Spider:3)
  The ghost of fly the Fighter, a journeyman FoDe of the Shining One (Spider:1)
  2 entropy weavers
  Erica (D:11)
  A two-headed ogre (D:8)
  3 orb spiders
  An orc knight (Bailey)
  3 wolf spiders (Spider:2)
  A torpor snail (Spider:2)
  4 jumping spiders
  A hippogriff (D:7)
  4 redbacks
  A tarantella (Spider:2)
  4 yaks (D:11)
  3 wargs (D:11)
  6 orc warriors (Bailey)
  2 ogres
  A centaur (D:11)
  A lemure (D:7)
  3 orc priests
  A hound (D:5)
  An orc wizard (D:5)
  A hound skeleton (D:4)
  7 orcs
  A giant cockroach (D:7)
55 creatures vanquished.

Vanquished Creatures (others)
  A fungus (Lair:1)
1 creature vanquished.

Grand Total: 370 creatures vanquished

Notes
Turn   | Place    | Note
-------+----------+-------------------------------------------
     0 | D:1      | Gobser the Demonspawn Gladiator began the quest for the
                  | Orb.
     0 | D:1      | Reached XP level 1. HP: 16/16 MP: 1/1
   148 | D:1      | Gained mutation: You have a pair of small antennae on your
                  | head. [demonic ancestry]
   148 | D:1      | Reached XP level 2. HP: 16/22 MP: 2/2
  1153 | D:2      | Gained mutation: When hurt, damage is shared between your
                  | health and your magic reserves. [demonic ancestry]
  1153 | D:2      | Reached XP level 3. HP: 27/27 MP: 3/3
  1692 | D:2      | Found a sparkling altar of Nemelex Xobeh.
  1700 | D:2      | Became a worshipper of Nemelex Xobeh the Trickster
  2203 | D:3      | Received a gift from Nemelex Xobeh
  2626 | D:3      | Found a glowing drain.
  2630 | D:3      | Gained mutation: You are partially covered in sharp spines.
                  | [demonic ancestry]
  2630 | D:3      | Reached XP level 4. HP: 33/33 MP: 4/4
  2640 | D:3      | Reached skill level 1 in Armour
  2704 | Sewer    | Entered a sewer
  3025 | Sewer    | Reached skill level 1 in Short Blades
  3223 | Sewer    | Reached XP level 5. HP: 28/38 MP: 3/5
  3410 | Sewer    | Reached XP level 6. HP: 41/46 MP: 6/6
  3722 | D:3      | Found a shimmering altar of Xom.
  4019 | D:4      | Reached * piety under Nemelex Xobeh
  4415 | D:4      | Received a gift from Nemelex Xobeh
  4637 | D:4      | Gained mutation: You are partially covered in icy blue
                  | scales. (AC +2) [demonic ancestry]
  4637 | D:4      | Reached XP level 7. HP: 51/51 MP: 7/7
  5183 | D:5      | Entered Level 5 of the Dungeon
  5223 | D:5      | Received a gift from Nemelex Xobeh
  5257 | D:5      | Reached ** piety under Nemelex Xobeh
  5581 | D:5      | Found Inteddio's Distillery.
  5588 | D:5      | Bought a potion of heal wounds for 55 gold pieces
  5588 | D:5      | Bought a potion of haste for 110 gold pieces
  5588 | D:5      | Bought a potion of stabbing for 44 gold pieces
  5810 | D:6      | Found a shattered altar of Ashenzari.
  5811 | D:6      | Found a sacrificial altar of Ru.
  5814 | D:6      | Found a bloodstained altar of Trog.
  5860 | D:6      | Found a staircase to the Ecumenical Temple.
  5946 | D:6      | Reached skill level 5 in Short Blades
  6242 | D:6      | Found an iron altar of Okawaru.
  6467 | D:7      | Received a gift from Nemelex Xobeh
  6599 | D:7      | Noticed a hippogriff
  6602 | D:7      | Noticed a wyvern
  6605 | D:7      | Killed a hippogriff
  6605 | D:7      | Gained mutation: You regenerate magic rapidly. [demonic
                  | ancestry]
  6605 | D:7      | Reached XP level 8. HP: 53/58 MP: 5/8
  6644 | D:7      | Noticed Harold
  6645 | D:7      | Noticed Pikel
  6662 | D:7      | Killed Harold
  6670 | D:7      | Killed Pikel
  6670 | D:7      | Reached skill level 5 in Armour
  6670 | D:7      | Reached skill level 1 in Shields
  6679 | D:7      | Found an opulent altar of Gozag.
  6824 | D:7      | Gained mutation: You are mostly covered in icy blue scales.
                  | (AC +3) [demonic ancestry]
  6824 | D:7      | Reached XP level 9. HP: 65/65 MP: 9/9
  6874 | D:7      | Reached *** piety under Nemelex Xobeh
  6895 | D:7      | Received a gift from Nemelex Xobeh
  6945 | D:7      | Got an amber-encrusted plate armour
  6948 | D:7      | Identified the +0 plate armour "Qosaar" {rC+ Regen+ Str+6
                  | Dex-4} (You found it on level 7 of the Dungeon)
  7431 | D:8      | Noticed a two-headed ogre
  7445 | D:8      | Killed a two-headed ogre
  7445 | D:8      | Reached skill level 5 in Fighting
  7460 | D:8      | Upgraded the game from 0.26-a0-490-gf8362a0c98 to
                  | 0.26-a0-491-g70697cc071
  7660 | D:8      | Reached **** piety under Nemelex Xobeh
  8060 | D:8      | Noticed a two-headed ogre
  8064 | D:8      | Killed a two-headed ogre
  8064 | D:8      | Gained mutation: You have a pair of antennae on your head.
                  | [demonic ancestry]
  8064 | D:8      | Reached XP level 10. HP: 74/74 MP: 10/10
  8197 | D:8      | Received a gift from Nemelex Xobeh
  8573 | D:9      | Noticed a two-headed ogre
  8585 | D:9      | Killed a two-headed ogre
  8716 | D:9      | Found a burning altar of Makhleb.
  8716 | D:9      | Noticed an Executioner
  8979 | D:9      | Found a staircase to the Orcish Mines.
  9017 | D:9      | Reached skill level 5 in Shields
  9283 | D:10     | Entered Level 10 of the Dungeon
  9294 | D:10     | Found Piryip's General Store.
  9351 | D:10     | Bought a scroll of teleportation for 45 gold pieces
  9351 | D:10     | Bought a potion of curing for 45 gold pieces
  9453 | D:10     | Found a flagged portal.
  9463 | Bailey   | Entered a bailey
  9473 | Bailey   | Noticed an orc knight
  9487 | Bailey   | Killed an orc knight
  9512 | Bailey   | Noticed an orc knight
  9513 | Bailey   | Received a gift from Nemelex Xobeh
  9525 | Bailey   | Killed an orc knight
  9542 | Bailey   | Noticed an orc knight
  9544 | Bailey   | Identified the cursed +2 war axe of a volcano {venom, rF-
                  | MP+9 Dex+5 SInv}
  9554 | Bailey   | Killed an orc knight
  9554 | Bailey   | Gained mutation: You are mostly covered in sharp spines.
                  | [demonic ancestry]
  9554 | Bailey   | Reached XP level 11. HP: 40/81 MP: 3/11
 10044 | D:11     | Noticed Erica
 10053 | D:11     | Killed Erica
 10060 | D:11     | Reached skill level 1 in Invocations
 10075 | D:11     | Found a staircase to the Lair.
 10159 | Lair:1   | Entered Level 1 of the Lair of Beasts
 10198 | Lair:1   | Received a gift from Nemelex Xobeh
 10255 | Lair:1   | Reached skill level 10 in Short Blades
 10401 | Lair:1   | Identified 2 scrolls of acquirement
 10401 | Lair:1   | Acquired a +0 demon blade of flaming
 10404 | Lair:1   | Acquired the +0 cloak "Muicukk" {Dex+3 Slay+6}
 10777 | Lair:2   | Received a gift from Nemelex Xobeh
 10894 | Lair:2   | Found a staircase to the Shoals.
 11009 | Lair:2   | Noticed a four-headed hydra
 11019 | Lair:2   | Killed a four-headed hydra
 11058 | Lair:2   | Found a hole to the Spider Nest.
 11082 | Spider:1 | Entered Level 1 of the Spider Nest
 11105 | Spider:1 | Noticed fly's ghost (journeyman FoDe)
 11140 | Spider:1 | Found a runed translucent gate.
 11140 | Spider:1 | Found a runed translucent gate.
 11140 | Spider:1 | Found a runed translucent gate.
 11158 | Spider:1 | Noticed a wolf spider
 11163 | Spider:1 | Noticed an orb spider
 11167 | Spider:1 | Killed a wolf spider
 11171 | Spider:1 | Gained mutation: You are completely covered in icy blue
                  | scales. (AC +4, rC+) [demonic ancestry]
 11171 | Spider:1 | Reached XP level 12. HP: 32/91 MP: 6/12
 11178 | Spider:1 | Killed fly's ghost
 11399 | Spider:1 | Noticed an entropy weaver
 11421 | Spider:1 | Killed an entropy weaver
 11423 | Spider:1 | Reached skill level 10 in Shields
 11703 | Spider:1 | Reached ***** piety under Nemelex Xobeh
 11703 | Spider:1 | Received a gift from Nemelex Xobeh
 12270 | Spider:2 | Found a roughly hewn altar of Beogh.
 12404 | Spider:2 | Gained mutation: You have a pair of large antennae on your
                  | head. (SInv) [demonic ancestry]
 12404 | Spider:2 | Reached XP level 13. HP: 97/98 MP: 13/13
 12642 | Spider:2 | Noticed an entropy weaver
 12668 | Spider:2 | Killed an entropy weaver
 12771 | Spider:2 | Received a gift from Nemelex Xobeh
 12802 | Spider:3 | Noticed an entropy weaver
 12807 | Spider:3 | Identified the +4 executioner's axe "Igolaotz" {freeze,
                  | +Fly rElec Str+3}
 12829 | Spider:3 | Killed an entropy weaver
 12833 | Spider:3 | Noticed Nikola
 12850 | Spider:3 | Killed Nikola
 12857 | Spider:3 | Mangled by a wolf spider

Illustrated notes

Levels and vault maps discovered:
D:1:      nicolae_arrival_somewhat_less_tricky_arrival, layout_basic
D:2:      layout_basic, nemelex_xobeh_ov_fountains_minmay
D:3:      layout_loops_ring, marbit_many_paths, gup_sewer_entry_pipe
D:4:      layout_basic
D:5:      layout_cave_pools, serial_shops, kennysheep_little_box,
          solitary_fountain
D:6:      layout_basic, grunt_temple_overflow_open, okawaru_ov_weapons_minmay,
          minmay_temple_entry_purple_smoke, minmay_manual_moon
D:7:      layout_gridville, kennysheep_nondescript, grunt_gozag_breadcrumbs,
          uniq_harold, uniq_pikel, uniq_duvessa
D:8:      layout_cave_pods
D:9:      layout_long_grid, orc_0_dummy, makhleb_altar_promises_db
D:10:     nicolae_whirlpool, layout_loops_cross, serial_shops,
          nicolae_shop_trees, lightli_bailey_entry_fortress
D:11:     layout_irregular_city, erik_lair_orcish_takeover, uniq_erica,
          uniq_sonja
Lair:1:   layout_misc_corridors
Lair:2:   layout_cave_pods, elwin_shoals_entry_stream, spider_nest_entry_webs,
          gammafunk_ghost_hive, minmay_holes, grunt_megastairs_5,
          infiniplex_staircase_pool_2
Spider:1: layout_spider_delve, gammafunk_ghost_split, drop_trap
Spider:2: nicolae_spider_mines_2
Spider:3: layout_spider_delve, uniq_nikola

Skill      XL: |  1  2  3  4  5  6  7  8  9 10 11 12 13 |
---------------+----------------------------------------+-----
Long Blades    | 3 |  3.9
Throwing       | 2 |  2.3
Dodging        | 3 4 |  4.8
Armour         | 1 2 4 5 6 7 9 |  9.6
Short Blades   | 1 2 4 5 7 8 9 10 11 | 11.6
Fighting       | 3 4 5 6 7 8 |  8.2
Shields        | 1 4 6 9 11 | 11.9
Invocations    | 1 |  1.1

Action                   |  1- 3 |  4- 6 |  7- 9 | 10-12 | 13-15 || total
-------------------------+-------+-------+-------+-------+-------++-------
Melee: Long sword        |   103 |       |       |       |       ||   103
       Dagger            |    31 |   144 |   259 |   621 |    97 ||  1152
Throw: Throwing net      |     2 |       |     3 |       |       ||     5
Invok: Draw Destruction  |       |     3 |     7 |    18 |       ||    28
       Draw Summoning    |       |     1 |     7 |    10 |     1 ||    19
       Triple Draw       |       |       |       |     1 |       ||     1
       Draw Escape       |       |       |       |     4 |       ||     4
  Use: Potion            |     2 |       |    12 |    17 |     4 ||    35
       Scroll            |     7 |       |    15 |    12 |     1 ||    35
 Stab: Sleeping          |     1 |       |       |     1 |       ||     2
       Distracted        |       |       |       |     1 |     2 ||     3
Armor: Leather armour    |    65 |    36 |     4 |       |       ||   105
       Chain mail        |       |       |    54 |       |       ||    54
       Plate armour      |       |       |    57 |   308 |    64 ||   429
Dodge: Dodged            |   131 |    83 |    25 |    80 |    26 ||   345
       Repelled          |       |       |     5 |       |       ||     5
Block: Tower shield      |       |       |   105 |   569 |   151 ||   825
       Rpst.: Long sword |    35 |       |       |       |       ||    35

Table legend: (Time is in decaauts)
 A = Elapsed time spent in this place.
 B = Non-inter-level travel time spent in this place.
 C = Inter-level travel time spent in this place.
 D = Time resting spent in this place.
 E = Time spent auto-exploring this place.
 F = Levels seen in this place.
 G = Mean time per level.
                   A        B        C        D        E       F      G
               +--------+--------+--------+--------+--------+-----+--------+
         Total |  12630 |  12604 |     26 |   1568 |   4551 |  18 |  701.7 |
       Dungeon |   9147 |   9121 |     26 |   1015 |   3605 |  11 |  831.5 |
          Lair |    865 |    865 |      0 |     30 |    436 |   2 |  432.5 |
   Spider Nest |   1680 |   1680 |      0 |     65 |    509 |   3 |  560.0 |
         Sewer |    776 |    776 |      0 |    458 |      0 |   1 |  776.0 |
        Bailey |    160 |    160 |      0 |      0 |      0 |   1 |  160.0 |
               +--------+--------+--------+--------+--------+-----+--------+

Top non-repeatable levels by time:
     D:4: 1216 daAuts
     D:3: 1101 daAuts
     D:8: 1097 daAuts
     D:1: 1088 daAuts
     D:2: 1058 daAuts
Spider:1: 904 daAuts
     D:7: 855 daAuts
     D:9: 805 daAuts
   Sewer: 776 daAuts
Spider:2: 737 daAuts
     D:6: 636 daAuts
     D:5: 621 daAuts
  Lair:1: 580 daAuts
    D:10: 485 daAuts
  Lair:2: 285 daAuts
